 Dungeon Crawl Stone Soup version 0.23.2-33-g5129a83184 (webtiles) character file.

Game seed: 18220155945672669157

3430 Drevant2 the Destroyer (level 9, -8/62 HPs)
             Began as a Red Draconian Air Elementalist on Aug 5, 2019.
             Was a Follower of Vehumet.
             Mangled by an orc warrior
             ... wielding a +0 battleaxe
              (16 damage)
             ... on level 8 of the Dungeon on Aug 6, 2019.
             The game lasted 00:55:22 (11313 turns).

Drevant2 the Destroyer (DrAE)                      Turns: 11313, Time: 00:55:23

Health: -8/62      AC:  9    Str: 13 (15) XL:     9   Next: 76%
Magic:  2/18       EV: 12    Int: 17 (18) God:    Vehumet [*.....]
Gold:   327        SH:  4    Dex: 10 (13) Spells: 8/20 levels left

rFire    + . .     SeeInvis .   k - +1 dagger (elec)
rCold    . . .     Gourm    .   (no shield)
rNeg     . . .     Faith    .   (armour unavailable)
rPois    .         Spirit   .   (helmet restricted)
rElec    .         Reflect  +   l - +0 cloak
rCorr    .         Harm     .   (no gloves)
MR       .....                  A - +0 pair of boots
Stlth    ++........             E - +4 amulet of reflection
HPRegen  0.20/turn              g - +5 ring of strength
MPRegen  0.16/turn              y - ring of wizardry

@: short of breath
A: breathe fire, unfitting armour, fire resistance 1, cold-blooded, AC +7
a: Breathe Fire, Renounce Religion


You were on level 8 of the Dungeon.
You worshipped Vehumet.
Vehumet was aware of your devotion.
You were not hungry.

You visited 2 branches of the dungeon, and saw 9 of its levels.

You collected 327 gold pieces.

Inventory:

Hand Weapons
 a - a +0 dagger
 k - a +1 dagger of electrocution (weapon)
 t - a +1 hand crossbow of freezing
Armour
 i - a cursed -1 leather armour
 l - a +0 cloak (worn)
 A - a +0 pair of boots (worn)
Jewellery
 g - a +5 ring of strength (left hand)
 u - a +5 ring of dexterity {unknown}
 y - a ring of wizardry (right hand)
 E - a +4 amulet of reflection (around neck)
Wands
 p - a wand of digging (6)
 D - a wand of paralysis (9)
Scrolls
 e - 4 scrolls of teleportation
 f - 4 scrolls of magic mapping
 m - a scroll of enchant weapon {unknown}
 r - 4 scrolls of remove curse {unknown}
 s - a scroll of enchant armour {unknown}
 v - a scroll of fog {unknown}
 x - 2 scrolls of immolation {unknown}
Potions
 d - a potion of curing
 h - 2 potions of haste {unknown}
 j - a potion of flight {unknown}
 n - a potion of ambrosia {unknown}
 o - a potion of magic {unknown}
 q - 2 potions of might
 w - a potion of mutation {unknown}
 z - a potion of brilliance {unknown}
 B - a potion of resistance {unknown}
 C - a potion of heal wounds
 F - a potion of lignification {unknown}
Comestibles
 b - 10 rations


   Skills:
 - Level 1.9 Dodging
 - Level 1.8 Stealth
 + Level 6.4 Spellcasting
 * Level 10.0 Conjurations
 - Level 7.6 Air Magic


You had 8 spell levels left.
You knew the following spells:

 Your Spells              Type           Power        Failure   Level  Hunger
a - Shock                 Conj/Air       ####         1%          1    None
b - Swiftness             Chrm/Air       ###.....     1%          2    None
c - Airstrike             Air            ####......   2%          4    ####...
d - Lightning Bolt        Conj/Air       #####.....   3%          5    #####..

Your spell library contained the following spells:

 Spells                   Type           Power        Failure   Level  Hunger
 Magic Dart               Conj           ####         1%          1    None
 Static Discharge         Conj/Air       #####...     1%          3    ##.....


Dungeon Overview and Level Annotations

Branches:
Dungeon (8/15)             Temple (1/1) D:5
   Lair: D:8-11

Altars:
Ashenzari
Dithmenos
Elyvilon
Fedhas
Hepliaklqana
Makhleb
Qazlal
Uskayaw
Vehumet
Wu Jian
Xom
Yredelemnul
Zin

Shops:
D:7 (

Annotations:
D:2 1 runed translucent door, Crazy Yiuf


Innate Abilities, Weirdness & Mutations

You can breathe blasts of fire.
Your fiery red scales are hard. (AC +7)
You cannot fit into any form of body armour.
Your flesh is heat resistant. (rF+)
You are cold-blooded and may be slowed by cold attacks.


Message History

You closely miss the orc warrior.
The orc warrior is severely wounded.
The orc warrior closely misses you.
You closely miss the orc warrior.
The orc warrior is severely wounded.
The orc warrior hits you but does no damage.
You closely miss the orc warrior.
The orc warrior is severely wounded.
The orc warrior misses you.
You hit the orc warrior but do no damage.
The orc warrior is severely wounded.
You closely miss the orc warrior.
You tail-slap the orc warrior, but do no damage.
The orc warrior is severely wounded.
The orc warrior hits you with a +0 battleaxe!!
* * * LOW HITPOINT WARNING * * *
You barely miss the orc warrior. You tail-slap the orc warrior.
The orc warrior is severely wounded.
The orc warrior hits you with a +0 battleaxe!
You die...

..# §o #....#
..##o #....# ....
#....# ... #....#
.)# #....#
..######+####....#
............#....#
...o........#<..o#
............#...@#
..###.÷.#####....#
..###...##.##....#
.....(..).>.(....#
......>..........#
.................#
.................#
.................#
.................#


You could see an orc warrior.

Vanquished Creatures
  Pikel (D:7)
  Edmund (D:5)
  2 sky beasts
  A phantom (D:6)
  An orc warrior (D:7)
  3 ice beasts
  3 ogres
  A centaur (D:5)
  Blork the orc (D:5)
  5 bullfrogs
  2 scorpions
  A wyvern skeleton (D:6)
  A quasit (D:7)
  2 hounds
  9 orc priests
  2 jellies (D:4)
  Jessica (D:2)
  4 iguanas
  4 orc wizards
  5 worker ants
  A hound skeleton (D:7)
  3 gnolls (D:2)
  11 adders
  A shadow imp (D:7)
  3 oozes
  An adder skeleton (D:5)
  A worm (D:2)
  4 leopard geckos
  23 orcs
  3 bats
  7 giant cockroaches
  14 goblins
  7 hobgoblins
  13 jackals
  9 kobolds
  2 quokkas
  2 ball pythons
  6 frilled lizards
  A leopard gecko skeleton (D:4)
  4 rats
166 creatures vanquished.

Vanquished Creatures (others)
  The ghost of grerr the Stinger, a novice OpVM (D:6)
  A centaur (D:8)
  A bullfrog (D:6)
3 creatures vanquished.

Grand Total: 169 creatures vanquished

Notes
Turn   | Place    | Note
-------+----------+-------------------------------------------
     0 | D:1      | Drevant2 the Draconian Air Elementalist began the quest for
                  | the Orb.
     0 | D:1      | Reached XP level 1. HP: 14/14 MP: 3/3
   333 | D:1      | Reached XP level 2. HP: 19/20 MP: 5/5
  1174 | D:2      | Noticed Jessica
  1180 | D:2      | Killed Jessica
  1180 | D:2      | Reached XP level 3. HP: 26/26 MP: 0/6
  1664 | D:2      | Reached XP level 4. HP: 33/33 MP: 4/7
  1758 | D:2      | Found a runed translucent door.
  1759 | D:2      | Noticed Crazy Yiuf
  2009 | D:2      | Reached skill level 5 in Air Magic
  2381 | D:3      | Reached skill level 2 in Conjurations
  2394 | D:3      | Learned a level 2 spell: Swiftness
  2487 | D:3      | Reached XP level 5. HP: 38/38 MP: 4/8
  4192 | D:4      | Found a shimmering altar of Xom.
  4205 | D:4      | Reached XP level 6. HP: 45/45 MP: 5/11
  5007 | D:5      | Entered Level 5 of the Dungeon
  5255 | D:5      | Noticed Blork the orc
  5608 | D:5      | Found a staircase to the Ecumenical Temple.
  5609 | D:5      | Noticed Edmund
  5650 | D:5      | HP: 2/45 [ogre/cursed +0 giant club (19)]
  5651 | D:5      | Reached skill level 3 in Conjurations
  5651 | D:5      | Your scales start taking on a fiery red colour.
  5651 | D:5      | Reached XP level 7. HP: 2/50 MP: 3/13
  5651 | D:5      | Gained mutation: Your flesh is heat resistant. (rF+) [Red
                  | Draconian growth]
  6261 | D:5      | Reached skill level 4 in Conjurations
  6300 | D:5      | Killed Blork the orc
  6708 | D:5      | Learned a level 4 spell: Airstrike
  6749 | D:5      | Killed Edmund
  6749 | D:5      | Reached skill level 5 in Conjurations
  6749 | D:5      | Reached XP level 8. HP: 57/57 MP: 0/14
  6992 | Temple   | Entered the Ecumenical Temple
  7034 | Temple   | Became a worshipper of Vehumet
  7159 | D:5      | Found a glowing silver altar of Zin.
  7159 | D:5      | Found a stormy altar of Qazlal.
  7223 | D:6      | Found a runed translucent door.
  7230 | D:6      | Noticed grerr's ghost (novice OpVM)
  7394 | D:6      | Reached skill level 6 in Conjurations
  7537 | D:6      | Found a blossoming altar of Fedhas.
  8159 | D:6      | Reached skill level 7 in Conjurations
  9020 | D:7      | Found Amyujopu's Weapon Emporium.
  9209 | D:7      | Reached skill level 5 in Spellcasting
  9209 | D:7      | Reached XP level 9. HP: 56/62 MP: 4/16
  9313 | D:7      | Reached skill level 8 in Conjurations
  9332 | D:7      | Reached * piety under Vehumet
  9332 | D:7      | Offered knowledge of Magic Dart by Vehumet.
  9771 | D:7      | Noticed Pikel
 10295 | D:7      | Killed Pikel
 10295 | D:7      | Reached skill level 9 in Conjurations
 10980 | D:6      | Learned a level 5 spell: Lightning Bolt
 10993 | D:6      | Killed grerr's ghost
 11176 | D:8      | Reached skill level 10 in Conjurations
 11313 | D:8      | Mangled by an orc warrior

Skill      XL: |  1  2  3  4  5  6  7  8  9 |
---------------+----------------------------+-----
Air Magic      | 4 5 6 7 |  7.6
Conjurations   | 2 3 5 7 10 | 10.0
Spellcasting   | 3 4 5 6 |  6.4
Dodging        | |  1.9
Stealth        | |  1.8

Action                   |  1- 3 |  4- 6 |  7- 9 || total
-------------------------+-------+-------+-------++-------
Melee: Dagger            |    37 |    82 |    66 ||   185
       Tailslap          |     6 |     5 |     8 ||    19
 Cast: Shock             |    64 |   166 |   150 ||   380
       Swiftness         |       |     1 |       ||     1
       Airstrike         |       |       |    50 ||    50
       Lightning Bolt    |       |       |     2 ||     2
 Abil: Breathe Fire      |       |       |     3 ||     3
  Use: Scroll            |     3 |     3 |     2 ||     8
       Potion            |       |       |     6 ||     6
 Stab: Sleeping          |       |     1 |     1 ||     2
       Confused          |       |       |     1 ||     1
  Eat: Chunk             |     4 |     6 |    13 ||    23
       Ration            |       |     2 |     4 ||     6
Armor: Skin              |     6 |    35 |    63 ||   104
Dodge: Dodged            |    26 |    66 |    83 ||   175
Block: Other             |       |       |     5 ||     5
       Reflection        |       |       |     2 ||     2
